 Dungeon Crawl Stone Soup version 0.29.0-4-gdea44cf6ec (webtiles) character file.

Game seed: 12376559048844445310

152 greasedhog the Trooper (level 5, -1/35 HPs)
             Began as a Gargoyle Fighter on Aug 28, 2022.
             Slain by a jumping spider (5 damage)
             ... on level 3 of the Dungeon.
             The game lasted 00:02:52 (2088 turns).

greasedhog the Trooper (Gargoyle Fighter)           Turns: 2088, Time: 00:02:53

Health: -1/35      AC: 10    Str: 21    XL:     5   Next: 34%
Magic:  5/5        EV:  9    Int:  9    God:
Gold:   196        SH:  4    Dex:  9    Spells: 4/4 levels left

rFire   . . .      SeeInvis .   n - +4 mace
rCold   . . .      Faith    .   c - +0 buckler
rNeg    + . .      Spirit   .   b - +0 scale mail
rPois   ∞          Reflect  .   (no helmet)
rElec   +          Harm     .   (no cloak)
rCorr   .          Rampage  .   (no gloves)
Will    .....                   (no boots)
Stlth   ..........              f - amulet of regeneration
HPRegen 0.91/turn               (no ring)
MPRegen 0.09/turn               (no ring)

@: mighty
A: sickness immunity, AC +4, negative energy resistance 1, electricity
resistance, torment resistance 1, petrification resistance
a: no special abilities


You were on level 3 of the Dungeon.
You visited 1 branch of the dungeon, and saw 4 of its levels.

You collected 196 gold pieces.

Inventory:

Hand Weapons
 n - a +4 mace (weapon)
Armour
 b - a +0 scale mail (worn)
 c - a +0 buckler (worn)
 q - a +0 chain mail
Jewellery
 f - an amulet of regeneration (around neck)
Wands
 p - a wand of polymorph (9)
Scrolls
 e - a scroll of enchant weapon
 g - a scroll of butterflies
 i - a scroll of magic mapping {unknown}
 j - a scroll of identify
 m - a scroll of amnesia {unknown}
Potions
 a - a potion of degeneration {unknown}
 h - 2 potions of resistance {unknown}
 k - a potion of berserk rage {unknown}
 l - 4 potions of flight {unknown}
 o - a potion of curing {unknown}


   Skills:
 * Level 5.1 Fighting
 * Level 4.0 Maces & Flails
 - Level 3.2 Armour
 - Level 3.2 Shields


You had 4 spell levels left.
You didn't know any spells.
Your spell library contained the following spells:

 Spells                   Type           Power      Damage    Failure   Level
 Slow                     Hex            0%         N/A       82%         1
 Ensorcelled Hibernation  Hex/Ice        0%         N/A       91%         2
 Passwall                 Tmut/Erth      0%         N/A       91%         2
 Static Discharge         Conj/Air       0%         3-3/arc   91%         2
 Confusing Touch          Hex            0%         N/A       99%         3
 Ignite Poison            Fire/Tmut/Pois 0%         N/A       99%         3
 Mephitic Cloud           Conj/Pois/Air  0%         N/A       99%         3
 Swiftness                Air            0%         N/A       99%         3
 Vampiric Draining        Necr           0%         2d6       99%         3
 Dispel Undead            Necr           0%         3d6       100%        4
 Sticky Flame             Conj/Fire      0%         2d3       100%        4
 Freezing Cloud           Conj/Ice/Air   0%         6-21      100%        5


Dungeon Overview and Level Annotations

Branches:
Dungeon (4/15)
 Temple: D:4-7

Altars:


Innate Abilities, Weirdness & Mutations

You are immune to sickness and miasma.
Your stone body is resilient. (AC +4)
You are immune to poison.
You resist negative energy. (rN+)
You are resistant to electric shocks. (rElec)
You are resistant to unholy torment.
You are immune to petrification.


Message History

The ogre resists with some effort.
The ogre attacks as you move away! The ogre barely misses you.
The ogre attacks as you move away! The ogre hits you with a +0 giant club!
There is an escape hatch in the ceiling here.
Aiming: Polymorph
Press: ? - help, Shift-Dir - straight line, f/p - ogre
Aim: an ogre, wielding a +0 giant club (will become a jumping spider, an adder, or a wyvern, chance to affect: 49%)
The ogre evaporates and reforms as a jumping spider!
The jumping spider pounces on you but does no damage.
The jumping spider bites you. A mysterious force pulls you upwards.
The hatch slams shut behind you.
You feel very mighty all of a sudden.
The jumping spider leaps! x2
You block the jumping spider's attack. The jumping spider barely misses you.
You barely miss the jumping spider. The jumping spider pounces on you.
The jumping spider bites you but does no damage.
You block the jumping spider's attack.
The jumping spider bites you but does no damage.
You miss the jumping spider. The jumping spider pounces on you.
The jumping spider bites you but does no damage.
The jumping spider barely misses you.
The jumping spider bites you but does no damage.
You thump the jumping spider!
The jumping spider is heavily wounded.
The jumping spider leaps!
The jumping spider leaps!
The jumping spider barely misses you.
The jumping spider bites you but does no damage.
You sock the jumping spider!
The jumping spider is severely wounded.
The jumping spider pounces on you!
* * * LOW HITPOINT WARNING * * *
The jumping spider closely misses you.
The jumping spider pounces on you but does no damage.
The jumping spider bites you.
* * * LOW HITPOINT WARNING * * *
You sock the jumping spider!
The jumping spider is almost dead.
The jumping spider pounces on you.
You die...

#................#.#
#.#####..........#.# #.###
#.....####.#.#
#...###..........#'#######
#.####...................#
###.# #.###.##..(.........#
....# #...................#
.#######..##.##.s...<......#
.# #.....#+##.@..........#
.# #.##.....#............#
.# #.##.....#............#
## #.....................#
######.####................#
............)..............#
...########................#
.#.# #.#####.#....##########
.#.###.......######


You could see a jumping spider.

Vanquished Creatures
  A hound (D:4)
  Jessica (D:3)
  3 adders
  A shadow imp (D:3)
  2 worms (D:2)
  3 dart slugs
  An orc (D:4)
  4 bats
  2 endoplasms
  5 giant cockroaches
  4 goblins
  8 hobgoblins
  2 quokkas
  4 ball pythons
  4 frilled lizards
  A kobold (D:3)
  4 rats
50 creatures vanquished.

Notes
Turn   | Place    | Note
-------+----------+-------------------------------------------
     0 | D:1      | greasedhog the Gargoyle Fighter began the quest for the
                  | Orb.
     0 | D:1      | Reached XP level 1. HP: 14/14 MP: 1/1
   265 | D:1      | Reached XP level 2. HP: 14/19 MP: 2/2
   737 | D:1      | Found a faded altar of an unknown god.
   784 | D:1      | Reached skill level 4 in Fighting
   784 | D:1      | Reached XP level 3. HP: 24/24 MP: 3/3
   973 | D:2      | Identified the +2 short sword "Urunot" {holy, rPois rF-
                  | Str+2}
  1409 | D:3      | Reached XP level 4. HP: 30/30 MP: 4/4
  1694 | D:3      | Noticed Jessica
  1737 | D:3      | Killed Jessica
  2010 | D:4      | Reached XP level 5. HP: 34/34 MP: 5/5
  2048 | D:4      | Noticed an ogre
  2064 | D:4      | Reached skill level 5 in Fighting
  2076 | D:4      | Noticed a jumping spider
  2076 | D:4      | an ogre changed into a jumping spider
  2088 | D:3      | Slain by a jumping spider

Illustrated notes

Levels and vault maps discovered:
D:1:      nagdon_arrival_zigzag_paths, layout_rooms,
          chequers_ecumenical_altar_lobes
D:2:      layout_rooms
D:3:      layout_basic, uniq_jessica
D:4:      layout_rooms, gammafunk_ghost_cemetery, uniq_grinder, uniq_pikel

Skill      XL: |  1  2  3  4  5 |
---------------+----------------+-----
Fighting       | 4 5 |  5.1
Maces & Flails | 3 4 |  4.0
Armour         | |  3.2
Shields        | |  3.2

Action                   |  1- 3 |  4- 6 || total
-------------------------+-------+-------++-------
Melee: Flail             |   121 |     7 ||   128
       Mace              |       |    49 ||    49
       Unarmed           |       |     2 ||     2
Evoke: Wand              |       |     2 ||     2
  Use: Scroll            |       |     2 ||     2
       Potion            |       |     1 ||     1
Armor: Scale mail        |    69 |    33 ||   102
       Skin              |       |     5 ||     5
Dodge: Dodged            |    59 |    41 ||   100
Block: Buckler           |    18 |    11 ||    29
